[Event "Titled Tuesday Blitz May 9 Late 2023"]
[White "Bortnyk, Mykola"]
[Black "Bitoon, Richard"]
[WhiteFideId "14120836"]
[BlackFideId "5201110"]
[WhiteElo "2582"]
[BlackElo "2374"]
[Result "0-1"]
[Round "06"]
[TimeControl "180+2"]
[Date "2023.05.09"]
[WhiteClock "0:00:00"]
[BlackClock "0:00:18"]

1. d4 Nf6 2. c4 g6 3. g3 Bg7 4. Bg2 O-O 5. Nc3 d6 6. Nf3 Nc6 7. O-O Bg4 8. h3 Bxf3 9. Bxf3 Nd7 10. e3 e5 11. Ne2 Qf6 12. Kg2 exd4 13. Bxc6 bxc6 14. Qxd4 c5 15. Qxf6 Bxf6 16. Rb1 a5 17. a4 Rfb8 18. b3 Nb6 19. Bd2 Kf8 20. e4 Ke8 21. Nf4 Kd7 22. Nd3 Bd4 23. f4 Rb7 24. Rfe1 Rab8 25. Rbd1 Nc8 26. Nc1 Bb2 27. Bxa5 Bxc1 28. Rxc1 Rxb3 29. e5 Ra3 30. Ra1 Rb2+ 31. Kf1 Rf3+ 32. Kg1 Rxg3+ 33. Kh1 Rxh3+ 34. Kg1 Rg3+ 35. Kh1 Rf3 36. Re4 Rbf2 37. Be1 Rxf4 38. Re3 Rb2 39. a5 Rb7 40. a6 Ra7 41. Rc3 Nb6 42. exd6 cxd6 43. Rb3 Kc6 44. Bg3 Rd4 45. Rf3 f5 46. Bf2 Rxc4 47. Rfa3 g5 48. Kh2 h5 49. Kg3 h4+ 50. Kf3 g4+ 51. Ke2 g3 52. Be1 f4 53. Kf3 h3 54. Bd2 h2 55. R3a2 Rg7 56. Bxf4 Rxf4+ 57. Kxf4 g2 58. a7 g1=Q 0-1


[Site "https://www.chess.com"]

[Event "Titled Tuesday Blitz May 9 Late 2023"]
[White "Tang, Andrew"]
[Black "Amburgy, Ryan"]
[WhiteFideId "2059630"]
[BlackFideId "30924820"]
[WhiteElo "2596"]
[BlackElo "2134"]
[Result "1-0"]
[Round "06"]
[TimeControl "180+2"]
[Date "2023.05.09"]
[WhiteClock "0:00:07"]
[BlackClock "0:00:01"]

1. d4 Nf6 2. c4 e6 3. Nc3 Bb4 4. Qc2 d5 5. cxd5 exd5 6. Bg5 h6 7. Bh4 Nc6 8. e3 g5 9. Bg3 h5 10. h3 Ne4 11. Bh2 Qf6 12. Bd3 Bf5 13. Rb1 O-O 14. Nf3 g4 15. hxg4 Bxg4 16. Ne5 Rfe8 17. O-O Nxc3 18. bxc3 Bd6 19. f3 Bc8 20. f4 Ne7 21. e4 dxe4 22. Bxe4 c6 23. f5 Nd5 24. Rbe1 Kf8 25. c4 Nc7 26. c5 Bxe5 27. dxe5 Rxe5 28. Bxe5 Qxe5 29. Kh1 Qg3 30. Qd2 Qh4+ 31. Kg1 Kg7 32. f6+ Kf8 33. Qd6+ Kg8 34. Qd8+ 1-0


[Site "https://www.chess.com"]

[Event "Titled Tuesday Blitz May 9 Late 2023"]
[White "Matlakov, Maxim"]
[Black "Bjelobrk, Igor"]
[WhiteFideId "4168003"]
[BlackFideId "4300726"]
[WhiteElo "2666"]
[BlackElo "2319"]
[Result "0-1"]
[Round "06"]
[TimeControl "180+2"]
[Date "2023.05.09"]
[WhiteClock "0:01:41"]
[BlackClock "0:01:17"]

1. Nf3 c5 2. g3 Nc6 3. c4 g6 4. Bg2 Bg7 5. O-O d6 6. Nc3 e6 7. e3 Nge7 8. d4 O-O 9. b3 Nf5 10. Ne2 e5 11. dxe5 dxe5 12. Rb1 Nfe7 13. Bb2 Bf5 14. e4 Bxe4 15. Rc1 Bxf3 16. Bxf3 e4 17. Bxg7 exf3 18. Bxf8 fxe2 19. Qxe2 Qxf8 20. Rfe1 Nf5 21. Qe4 Nfd4 22. Kg2 b6 23. Re3 Rd8 24. Rce1 Qd6 25. a3 a5 26. h4 h5 27. Kg1 Kg7 28. Kg2 Qf6 29. Rd3 Rd6 30. Red1 Qd8 31. R1d2 Re6 32. Qd5 Qe7 33. Kh2 Ne5 34. Rc3 Rd6 35. Qh1 Ndf3+ 36. Rxf3 Nxf3+ 37. Qxf3 Rxd2 38. Qc3+ Rd4 0-1


[Site "https://www.chess.com"]

[Event "Titled Tuesday Blitz May 9 Late 2023"]
[White "Kramnik, Vladimir"]
[Black "Arabidze, Meri"]
[WhiteFideId "4101588"]
[BlackFideId "13604040"]
[WhiteElo "2703"]
[BlackElo "2405"]
[Result "1/2-1/2"]
[Round "06"]
[TimeControl "180+2"]
[Date "2023.05.09"]
[WhiteClock "0:00:02"]
[BlackClock "0:00:03"]

1. e4 c5 2. Nf3 e6 3. Be2 Nc6 4. O-O Qc7 5. d4 cxd4 6. Nxd4 Nf6 7. Nc3 a6 8. Be3 Be7 9. f4 d6 10. a4 O-O 11. Kh1 Bd7 12. Nb3 Na5 13. Nxa5 Qxa5 14. Qd2 Qc7 15. a5 Bc6 16. Bb6 Qc8 17. Bf3 Nd7 18. Bg1 Qc7 19. Ne2 Nc5 20. Ng3 Rad8 21. b4 Nd7 22. c4 Qb8 23. Rab1 b5 24. axb6 Nxb6 25. Be2 d5 26. exd5 exd5 27. Nf5 Bf6 28. b5 axb5 29. cxb5 Bd7 30. Ng3 Nc4 31. Qb4 Rfe8 32. Bxc4 dxc4 33. Qxc4 Be6 34. Qc2 Bd5 35. b6 g6 36. Rbe1 h5 37. Ne4 Bg7 38. Ng5 Qb7 39. Rxe8+ Rxe8 40. Nf3 Be4 41. Qc7 Qd5 42. Re1 Ra8 43. Rf1 Re8 44. h3 Bf6 45. Qc5 Kg7 46. Qxd5 Bxd5 47. Ne5 h4 48. Bd4 Rb8 49. Kh2 Rb7 50. Rc1 Bxe5 51. Bxe5+ f6 52. Bc7 g5 53. Rd1 Bc6 54. fxg5 fxg5 55. Rd6 Be4 56. Kg1 Kf7 57. Kf2 Ke7 58. Rh6 Bf5 59. Rh5 Kf6 60. Rh8 Be6 61. Rd8 Ke7 62. Rd4 Kf6 63. Ra4 Bd5 64. Rb4 Be6 65. Rb2 Bd5 66. Ke3 Bc6 67. Kd4 Kf5 68. Kc5 Be4 69. Rf2+ Ke6 70. Kd4 Bc6 71. Kc5 Be4 72. Re2 Kf5 73. Rxe4 Kxe4 74. Kc6 Rxb6+ 75. Kxb6 Ke3 76. g4 hxg3 77. Bxg3 Kf3 78. Be1 Kg2 79. h4 gxh4 80. Bxh4 1/2-1/2


[Site "https://www.chess.com"]

[Event "Titled Tuesday Blitz May 9 Late 2023"]
[White "Rodshtein, Maxim"]
[Black "Manukyan, Sargis A."]
[WhiteFideId "2806851"]
[BlackFideId "13303970"]
[WhiteElo "2555"]
[BlackElo "2187"]
[Result "1-0"]
[Round "06"]
[TimeControl "180+2"]
[Date "2023.05.09"]
[WhiteClock "0:00:18"]
[BlackClock "0:00:00"]

1. e4 c5 2. Nc3 d6 3. Bc4 Nf6 4. d3 Nc6 5. Nf3 e6 6. a3 Be7 7. Ba2 O-O 8. O-O a6 9. Re1 b5 10. Ne2 Bb7 11. Ng3 Qc7 12. c3 Rad8 13. Bf4 Ne5 14. d4 Nxf3+ 15. Qxf3 e5 16. Bg5 Nxe4 17. Bxe7 Ng5 18. Bxg5 Bxf3 19. Bxd8 Rxd8 20. gxf3 c4 21. Rad1 f6 22. Bb1 Kh8 23. Kg2 g6 24. Re2 Kg7 25. Red2 h5 26. dxe5 fxe5 27. Ne4 Qe7 28. Rxd6 Rxd6 29. Rxd6 h4 30. Rxa6 Qd7 31. Rd6 Qf5 32. h3 Qf4 33. Rd2 Kh6 34. Bc2 Qf5 35. Rd6 Kg7 36. Rb6 g5 37. Rxb5 g4 38. fxg4 Qf4 39. Rb7+ Kh6 40. Rb6+ Kg7 41. Rd6 Qc1 42. Rd2 Qxb2 43. a4 Qa3 44. g5 Kg6 45. Rd6+ Kg7 46. Rb6 Qa2 47. Bb1 Qxa4 48. Nf6 Qd1 49. Rb7+ Kf8 50. g6 1-0


[Site "https://www.chess.com"]

[Event "Titled Tuesday Blitz May 9 Late 2023"]
[White "Peng, Li Min"]
[Black "Omranalhosani21"]
[WhiteFideId "14112620"]
[WhiteElo "2436"]
[BlackElo "2618"]
[Result "1-0"]
[Round "06"]
[TimeControl "180+2"]
[Date "2023.05.09"]
[WhiteClock "0:00:37"]
[BlackClock "0:00:00"]

1. e4 c6 2. d4 d5 3. Nc3 dxe4 4. Nxe4 Nf6 5. Nxf6+ exf6 6. c3 Bd6 7. Bd3 O-O 8. Qc2 Re8+ 9. Ne2 h5 10. O-O h4 11. h3 Nd7 12. Bd2 Nf8 13. Rae1 Bc7 14. c4 Qd6 15. f4 Ne6 16. Be3 Bd7 17. c5 Qf8 18. Nc3 Ba5 19. a3 Bxc3 20. bxc3 Nc7 21. c4 Re7 22. Qf2 Rae8 23. Qxh4 f5 24. Rf3 Ne6 25. Bxf5 g6 26. Bxe6 Bxe6 27. d5 Bf5 28. d6 Re4 29. Bd2 Qg7 30. Rxe4 Rxe4 31. Bc3 Rd4 32. Kh2 b6 33. cxb6 axb6 34. Qe7 c5 35. Bxd4 Qxd4 36. Qe8+ Kh7 37. Qe5 Qd3 38. Rxd3 1-0


[Site "https://www.chess.com"]

[Event "Titled Tuesday Blitz May 9 Late 2023"]
[White "Kuznetsov, Felix"]
[Black "ATM622"]
[WhiteFideId "34147990"]
[WhiteElo "2281"]
[BlackElo "2595"]
[Result "1-0"]
[Round "06"]
[TimeControl "180+2"]
[Date "2023.05.09"]
[WhiteClock "0:02:21"]
[BlackClock "0:01:55"]

1. e4 c6 2. d4 d5 3. exd5 cxd5 4. Bf4 Nc6 5. c3 Nf6 6. Nd2 g6 7. Bd3 Bg7 8. Ngf3 O-O 9. O-O Bf5 10. Bxf5 gxf5 11. Ne5 e6 12. Bg5 h6 13. Bxf6 Bxf6 14. f4 Bxe5 15. fxe5 f6 16. Qh5 fxe5 17. Qg6+ Kh8 18. Qxh6+ Kg8 19. Qxe6+ Kg7 20. Rxf5 Rxf5 21. Qxf5 exd4 22. Rf1 dxc3 23. Qf7+ Kh8 24. Rf5 Qh4 25. Rh5+ Qxh5 26. Qxh5+ Kg7 27. bxc3 Rd8 28. Nf3 d4 29. cxd4 Kf6 30. Qh4+ Ke6 31. Qe4+ Kd6 32. h4 1-0


[Site "https://www.chess.com"]

[Event "Titled Tuesday Blitz May 9 Late 2023"]
[White "Grigoriants, Sergey"]
[Black "Lenaerts, Lennert"]
[WhiteFideId "4130804"]
[BlackFideId "211435"]
[WhiteElo "2502"]
[BlackElo "2334"]
[Result "1-0"]
[Round "06"]
[TimeControl "180+2"]
[Date "2023.05.09"]
[WhiteClock "0:00:07"]
[BlackClock "0:00:07"]

1. d4 d5 2. c4 c6 3. Nf3 Nf6 4. Nc3 dxc4 5. a4 Bf5 6. Ne5 Nbd7 7. Nxc4 Nb6 8. e3 e6 9. a5 Nxc4 10. Bxc4 b5 11. axb6 axb6 12. Rxa8 Qxa8 13. Qf3 Be7 14. Bb5 Kd7 15. Bc4 b5 16. Bb3 b4 17. Na4 Qa6 18. Qe2 Bd3 19. Qd1 Ra8 20. Nb6+ Qxb6 21. Qxd3 Ke8 22. O-O c5 23. dxc5 Bxc5 24. Bd2 Rd8 25. Qc2 Qd6 26. Rd1 Ng4 27. Qxh7 Qe5 28. Qh4 Nf6 29. Qh8+ Ke7 30. Qxd8+ Kxd8 31. Bc3+ Qd6 32. Be5 Qxd1+ 33. Bxd1 Ke7 34. Kf1 Nd7 35. Bxg7 f6 36. Bh6 Ne5 37. Be2 Nf7 38. Bf4 e5 39. Bg3 Ng5 40. Bd3 Ne6 41. Ke2 Nc7 42. Bc4 Ne8 43. b3 Nd6 44. Bd3 Nb7 45. h4 Kf7 46. Bc2 Bf8 47. f4 Bg7 48. fxe5 fxe5 49. Kf3 Nc5 50. Be1 Na6 51. Bd3 Nc5 52. Bc4+ Kf6 53. Bxb4 Nd7 54. Bc3 Bh6 55. g4 Bf8 56. g5+ Kf5 57. Bd3+ Ke6 58. Kg4 Nc5 59. Bc4+ Kd6 60. h5 Ne4 61. Bb4+ 1-0


[Site "https://www.chess.com"]

[Event "Titled Tuesday Blitz May 9 Late 2023"]
[White "Haydon, David L"]
[Black "Pakleza, Zbigniew"]
[WhiteFideId "415405"]
[BlackFideId "1119290"]
[WhiteElo "2326"]
[BlackElo "2410"]
[Result "0-1"]
[Round "06"]
[TimeControl "180+2"]
[Date "2023.05.09"]
[WhiteClock "0:00:13"]
[BlackClock "0:00:07"]

1. d4 d6 2. Nf3 Bg4 3. e3 e6 4. Be2 Nf6 5. c4 c6 6. Nc3 d5 7. b3 Bb4 8. Bd2 Bd6 9. O-O Nbd7 10. Ne1 Bf5 11. f4 Ne4 12. Nxe4 Bxe4 13. Bd3 Nf6 14. Qc2 O-O 15. Nf3 Bxd3 16. Qxd3 Ne4 17. c5 Bc7 18. Be1 f6 19. Nd2 Nxd2 20. Bxd2 e5 21. Rae1 Qd7 22. Bc3 exf4 23. exf4 Rfe8 24. f5 b6 25. b4 a5 26. Rxe8+ Qxe8 27. a3 axb4 28. Bxb4 b5 29. Re1 Qh5 30. h3 Re8 31. Rxe8+ Qxe8 32. Kf2 g6 33. fxg6 hxg6 34. Qe3 Qd7 35. Qf3 Kg7 36. g4 Bb8 37. Bd2 Qc7 38. Qe3 Qh2+ 39. Ke1 Kf7 40. Qh6 Qh1+ 41. Ke2 Qe4+ 42. Be3 Kg8 43. Kf2 Bc7 44. Ke2 Ba5 45. Kf2 Bc3 46. g5 Bxd4 47. Bxd4 Qxd4+ 48. Kf3 Qe4+ 49. Kf2 Qf5+ 50. Ke3 Qxg5+ 51. Qxg5 fxg5 52. Kf3 Kg7 53. Kg4 Kh6 54. a4 bxa4 55. h4 gxh4 0-1


[Site "https://www.chess.com"]

[Event "Titled Tuesday Blitz May 9 Late 2023"]
[White "Tologon tegin, Semetei"]
[Black "Sieciechowicz, Marcin"]
[WhiteFideId "13800574"]
[BlackFideId "1130170"]
[WhiteElo "2247"]
[BlackElo "2302"]
[Result "0-1"]
[Round "06"]
[TimeControl "180+2"]
[Date "2023.05.09"]
[WhiteClock "0:00:51"]
[BlackClock "0:01:17"]

1. Nf3 d5 2. e3 Nf6 3. d4 c6 4. Bd3 Bg4 5. Nbd2 e6 6. h3 Bh5 7. O-O Nbd7 8. c4 Be7 9. b3 O-O 10. Bb2 a5 11. a3 Bd6 12. Qc2 Bg6 13. e4 dxe4 14. Nxe4 Nxe4 15. Bxe4 Nf6 16. Bxg6 hxg6 17. Rad1 Qe7 18. Qc1 Rfd8 19. Rfe1 Qf8 20. g3 Rac8 21. Kg2 c5 22. d5 exd5 23. cxd5 b5 24. Qg5 c4 25. bxc4 bxc4 26. Re3 Bc5 27. Rc3 Ne4 28. Qg4 Nxf2 29. Qh4 Be7 30. Qd4 Nxd1 31. Qxd1 Bf6 32. Rc2 Bxb2 33. Rxb2 Qxa3 34. Rb7 Qa2+ 35. Kh1 Rb8 0-1


[Site "https://www.chess.com"]

[Event "Titled Tuesday Blitz May 9 Late 2023"]
[White "Santos Ruiz, Miguel"]
[Black "Ozdemir, Serhan Berat"]
[WhiteFideId "22291482"]
[BlackFideId "6374611"]
[WhiteElo "2499"]
[BlackElo "2015"]
[Result "1-0"]
[Round "06"]
[TimeControl "180+2"]
[Date "2023.05.09"]
[WhiteClock "0:01:02"]
[BlackClock "0:00:00"]

1. e4 c5 2. Nf3 e6 3. d4 cxd4 4. Nxd4 a6 5. c4 Nf6 6. Nc3 Bb4 7. Qd3 Nc6 8. Nxc6 dxc6 9. Qxd8+ Kxd8 10. e5 Ne4 11. a3 Bxc3+ 12. bxc3 Kc7 13. Be3 b6 14. f3 Nxc3 15. a4 Rd8 16. Bd2 Nxa4 17. Rxa4 c5 18. Be2 Bb7 19. Be3 Bc6 20. Ra3 a5 21. Kf2 Ra6 22. Rb1 a4 23. Bd1 h6 24. h4 Rc8 25. Bc2 Rd8 26. Rba1 Rda8 27. h5 Bd7 28. g4 Bc6 29. Rd1 Rb8 30. Rd6 Rd8 31. Rxd8 Kxd8 32. f4 Ke7 33. Kg3 Bd7 34. g5 Bc6 35. gxh6 gxh6 36. f5 exf5 37. Bxh6 Be4 38. Bxe4 fxe4 39. Bg7 Ke6 40. h6 Ra8 41. h7 1-0


[Site "https://www.chess.com"]

[Event "Titled Tuesday Blitz May 9 Late 2023"]
[White "Karttunen, Mika"]
[Black "Yanchenko, Roman"]
[WhiteFideId "502081"]
[BlackFideId "4137329"]
[WhiteElo "2396"]
[BlackElo "2491"]
[Result "1-0"]
[Round "06"]
[TimeControl "180+2"]
[Date "2023.05.09"]
[WhiteClock "0:00:08"]
[BlackClock "0:00:13"]

1. d4 d5 2. c4 c6 3. Nf3 Bf5 4. Nc3 e6 5. e3 Nf6 6. Bd3 Bg6 7. O-O Bd6 8. Re1 Nbd7 9. a3 a6 10. e4 dxe4 11. Nxe4 Nxe4 12. Bxe4 Nf6 13. Bc2 O-O 14. Bg5 Qa5 15. b4 Qc7 16. c5 Bf4 17. Bh4 Nd5 18. Bxg6 hxg6 19. Ne5 Ne7 20. Bg3 Bxg3 21. hxg3 Rad8 22. g4 Rd5 23. Re4 Rfd8 24. Qf3 f6 25. Nc4 Rxd4 26. Nd6 R8xd6 27. cxd6 Rxd6 28. Rae1 Kf7 29. Qg3 Qd7 30. Qb3 Nd5 31. g5 f5 32. Rh4 Qd8 33. Qg3 Ne7 34. Rh8 Qd7 35. Rb8 Rd3 36. Rxb7 Qxb7 37. Qxd3 Nd5 38. Qe2 Qc8 39. Qe5 Qd7 40. Rc1 Ne7 41. Qc3 Qd5 42. Qc4 Qb5 43. Qxb5 axb5 44. g3 e5 45. f4 e4 46. Kf2 Ke6 47. Ke3 Nd5+ 48. Kd4 Kd6 49. Rh1 Nc7 50. Rh7 Ne6+ 51. Ke3 c5 52. Rh8 cxb4 53. axb4 Nc7 54. Rb8 Nd5+ 55. Kd4 Nxb4 56. Rxb5 Nc2+ 57. Kc3 Ne3 58. Rb6+ Ke7 59. Rxg6 Kf7 60. Ra6 Nf1 61. Kd4 e3 62. Kd3 Nxg3 63. Kxe3 Ke7 64. Ra7+ Kf8 65. g6 Nh5 66. Rf7+ Ke8 67. Rxf5 Nf6 68. Rxf6 gxf6 69. f5 Kd7 70. Kd4 Ke7 71. Kd5 1-0


[Site "https://www.chess.com"]

[Event "Titled Tuesday Blitz May 9 Late 2023"]
[White "Leiva, Gianmarco"]
[Black "angelgab3"]
[WhiteFideId "3804399"]
[WhiteElo "2365"]
[BlackElo "2542"]
[Result "1-0"]
[Round "06"]
[TimeControl "180+2"]
[Date "2023.05.09"]
[WhiteClock "0:00:12"]
[BlackClock "0:00:05"]

1. e4 e5 2. Nf3 Nc6 3. Bc4 Bc5 4. O-O Nf6 5. d3 d6 6. c3 a5 7. Re1 O-O 8. Bb3 Bd7 9. d4 Bb6 10. h3 a4 11. Bc2 Re8 12. a3 h6 13. Be3 Na5 14. Nbd2 exd4 15. cxd4 Nb3 16. Rb1 Ba5 17. Bd3 Bc6 18. Qc2 Nxd2 19. Bxd2 d5 20. e5 Ne4 21. Bxa5 Rxa5 22. Nd2 Ng5 23. Qc3 Qa8 24. f4 Ne6 25. f5 Nf8 26. Rf1 Qa7 27. f6 Rxe5 28. fxg7 Ne6 29. Nf3 Rh5 30. Rbe1 Kxg7 31. Bb1 Bb5 32. Rf2 c5 33. Ne5 Rxe5 34. dxe5 Be8 35. Ref1 c4 36. Kh1 Qc5 37. Qg3+ Kf8 38. Bg6 Nd8 39. Bxf7 Bxf7 40. e6 d4 41. Rxf7+ 1-0


[Site "https://www.chess.com"]

[Event "Titled Tuesday Blitz May 9 Late 2023"]
[White "Defend1r"]
[Black "Pichot, Alan"]
[BlackFideId "110973"]
[WhiteElo "2554"]
[BlackElo "2573"]
[Result "0-1"]
[Round "06"]
[TimeControl "180+2"]
[Date "2023.05.09"]
[WhiteClock "0:01:26"]
[BlackClock "0:00:45"]

1. e4 e5 2. Nf3 Nc6 3. Bc4 Nf6 4. d4 exd4 5. e5 d5 6. Bb5 Ne4 7. Nxd4 Bd7 8. Bxc6 bxc6 9. f3 Qh4+ 10. Ke2 Qf2+ 11. Kd3 c5 12. c4 Qxd4+ 13. Ke2 Qf2+ 14. Kd3 Qxg2 15. fxe4 Qxe4+ 16. Kd2 dxc4 17. Nc3 Qd3+ 18. Ke1 Bc6 19. Qxd3 cxd3 20. Rg1 O-O-O 21. Bf4 g6 22. Kd2 Be7 23. Raf1 h5 24. Be3 Rh7 25. Rf4 h4 26. Rgf1 Rh5 27. Rxf7 Rxe5 28. Rxe7 Rxe7 29. Bg5 Re2+ 30. Kc1 Rc2+ 31. Kb1 Re8 0-1


[Site "https://www.chess.com"]

[Event "Titled Tuesday Blitz May 9 Late 2023"]
[White "Hambleton, Aman"]
[Black "Bayo Milagro, Alvaro"]
[WhiteFideId "2606577"]
[BlackFideId "22275240"]
[WhiteElo "2511"]
[BlackElo "2270"]
[Result "0-1"]
[Round "06"]
[TimeControl "180+2"]
[Date "2023.05.09"]
[WhiteClock "0:00:01"]
[BlackClock "0:00:08"]

1. d4 Nf6 2. Bf4 d5 3. e3 c5 4. c3 Nc6 5. Nd2 e6 6. Ngf3 Bd6 7. Bg3 O-O 8. Bd3 b6 9. e4 Be7 10. e5 Nh5 11. Ng5 Bxg5 12. Qxh5 g6 13. Qe2 f5 14. f4 Bh6 15. Nf3 cxd4 16. Nxd4 Nxd4 17. cxd4 Bd7 18. O-O Rc8 19. Rfc1 Qe7 20. Ba6 Rxc1+ 21. Rxc1 Qb4 22. Rc7 Rd8 23. Qf2 Bb5 24. Bh4 Re8 25. a3 Qa4 26. Bxb5 Qxb5 27. Bf6 Qd3 28. h3 Bf8 29. Kh2 h6 30. Qh4 Qe3 31. Bg5 h5 32. Bf6 Bh6 33. Bg5 Bg7 34. Bf6 Bh6 35. Bg5 Bg7 36. Rxg7+ Kxg7 37. Bf6+ Kh7 38. Be7 Rc8 39. Qf6 Qxf4+ 40. Kh1 Rc1# 0-1


[Site "https://www.chess.com"]

[Event "Titled Tuesday Blitz May 9 Late 2023"]
[White "Tanenbaum, Zachary"]
[Black "Altman, Joshua"]
[WhiteFideId "2060850"]
[BlackFideId "426210"]
[WhiteElo "2175"]
[BlackElo "2028"]
[Result "1-0"]
[Round "06"]
[TimeControl "180+2"]
[Date "2023.05.09"]
[WhiteClock "0:00:24"]
[BlackClock "0:01:18"]

1. e4 e6 2. d4 d5 3. Nc3 Nf6 4. Bg5 dxe4 5. Nxe4 Nbd7 6. Nf3 Be7 7. Nxf6+ Nxf6 8. Bd3 b6 9. Ne5 Bb7 10. Bb5+ c6 11. Nxc6 Qd5 12. Bxf6 Bxf6 13. c4 Qxg2 14. Ne5+ Ke7 15. Rf1 Bxe5 16. dxe5 Rhd8 17. Qb3 Qe4+ 18. Qe3 Qc2 19. Qa3+ Rd6 20. Qxd6# 1-0


[Site "https://www.chess.com"]

[Event "Titled Tuesday Blitz May 9 Late 2023"]
[White "Rorrer, Grayson"]
[Black "Sreyas Payyappat"]
[WhiteFideId "30944996"]
[BlackFideId "46674969"]
[WhiteElo "2200"]
[BlackElo "2043"]
[Result "1-0"]
[Round "06"]
[TimeControl "180+2"]
[Date "2023.05.09"]
[WhiteClock "0:00:19"]
[BlackClock "0:00:09"]

1. b3 e5 2. Bb2 Nc6 3. e3 d5 4. Bb5 Bd6 5. f4 Qe7 6. Nc3 Nf6 7. fxe5 Bxe5 8. Nf3 Bg4 9. O-O O-O 10. Qe1 Bd6 11. Bxc6 bxc6 12. Nd4 c5 13. Nf5 Bxf5 14. Rxf5 d4 15. exd4 cxd4 16. Nb5 c5 17. Qxe7 Bxe7 18. Re1 Bd8 19. Ba3 a6 20. Nd6 Bc7 21. Nc4 Rfe8 22. Ref1 Ng4 23. h3 Nh6 24. Rxc5 Bg3 25. Rg5 Bh4 26. Rd5 Re4 27. Bb2 Rae8 28. Rxd4 Rxd4 29. Bxd4 Re2 30. Be3 g6 31. Bxh6 f5 32. Be3 Kf7 33. Ne5+ Ke6 34. Nf3 Bg3 35. Nd4+ Kd5 36. Nxe2 Be5 37. Nc3+ Kc6 38. d4 Bf6 39. Rd1 Kd6 40. Bf4+ Kd7 41. Ne2 Be7 42. d5 Bc5+ 43. Kf1 a5 44. c4 Ke7 45. d6+ Kd7 46. Nc3 Bb4 47. Na4 Bc5 48. Nxc5+ Kc6 49. d7 h6 50. d8=Q g5 51. Qd6# 1-0


[Site "https://www.chess.com"]

[Event "Titled Tuesday Blitz May 9 Late 2023"]
[White "Ezat, Mohamed"]
[Black "Bryakin, Mikhail"]
[WhiteFideId "10600906"]
[BlackFideId "4165314"]
[WhiteElo "2386"]
[BlackElo "2467"]
[Result "0-1"]
[Round "06"]
[TimeControl "180+2"]
[Date "2023.05.09"]
[WhiteClock "0:00:00"]
[BlackClock "0:00:12"]

1. d4 g6 2. c4 Bg7 3. e4 d6 4. Nc3 e5 5. dxe5 dxe5 6. Qxd8+ Kxd8 7. f4 c6 8. Nf3 Nd7 9. Be2 Ngf6 10. O-O Ke7 11. Nxe5 Nxe5 12. fxe5 Nd7 13. Bg5+ Ke8 14. e6 fxe6 15. Rad1 h6 16. Bh4 Be5 17. Bg4 g5 18. Bh5+ Kd8 19. Be1 Rh7 20. Bf7 Ke7 21. Bh5 Nf6 22. Bf3 c5 23. Nb5 a6 24. Nc3 Bd7 25. Bf2 b6 26. h3 Bc6 27. Rfe1 Nd7 28. Nd5+ Kf8 29. Nxb6 Nxb6 30. Bxc5+ Kf7 31. Bxb6 Bxb2 32. e5 Bxf3 33. Rf1 Kg6 34. Rxf3 Rf7 35. Rxf7 Kxf7 36. Bd4 Ba3 37. c5 Rc8 38. Kh1 Ke7 39. Rd3 Bb4 40. a3 Ba5 41. Rb3 Rc7 42. Rb8 Kd7 43. Bf2 Kc6 44. Rh8 Bc3 45. Rxh6 Kd5 46. Rg6 Bd2 47. h4 gxh4 48. Rg4 Bc3 49. Rxh4 Rf7 50. Rh5 Rxf2 51. Rh8 Bxe5 52. Rd8+ Kxc5 53. Kg1 Rb2 54. g4 Rb3 55. Kg2 Rg3+ 56. Kf2 Rxg4 57. Ra8 Ra4 58. Ke2 Kd5 59. Rc8 Bd6 60. Rc2 Rxa3 61. Rd2+ Ke5 62. Rb2 Bc5 63. Rc2 Kd5 64. Rd2+ Bd4 65. Rc2 Rb3 66. Rc8 Ke4 67. Rd8 Rb2+ 68. Kf1 e5 69. Re8 Ra2 70. Ra8 a5 71. Ra6 a4 72. Rxa4 Rxa4 0-1


[Site "https://www.chess.com"]

[Event "Titled Tuesday Blitz May 9 Late 2023"]
[White "FoxOnTheRun97"]
[Black "Vakhlamov, Igor L."]
[BlackFideId "24126748"]
[WhiteElo "2524"]
[BlackElo "2407"]
[Result "0-1"]
[Round "06"]
[TimeControl "180+2"]
[Date "2023.05.09"]
[WhiteClock "0:00:00"]
[BlackClock "0:00:40"]

1. d4 d5 2. c4 e6 3. Nc3 c5 4. cxd5 cxd4 5. Qa4+ Bd7 6. Qxd4 exd5 7. Qxd5 Nf6 8. Qd1 Bc5 9. e3 O-O 10. Nf3 Qe7 11. a3 Rd8 12. Bd2 Nc6 13. Be2 Ne5 14. O-O Bc6 15. b4 Bb6 16. Ra2 Nd5 17. Nxd5 Bxd5 18. Rb2 Qf6 19. Nxe5 Qxe5 20. Qc1 Rac8 21. Rc2 Rxc2 22. Qxc2 Be4 23. Qc3 Qg5 24. g3 Bc6 25. Bc1 h5 26. Qc4 a6 27. Qf4 Qd5 28. f3 Re8 29. Kg2 Qa2 30. Rf2 Qc2 31. e4 Bxf2 32. Kxf2 Bb5 33. Qd2 Qxd2 34. Bxd2 Bxe2 35. Kxe2 f6 36. Be3 Kf7 37. Bc5 Ke6 38. h4 g6 39. Ke3 Rd8 40. a4 Rd1 41. a5 Rg1 42. Kf2 Rc1 43. Ke3 Rc3+ 44. Ke2 Rb3 45. Kf2 f5 0-1


[Site "https://www.chess.com"]

[Event "Titled Tuesday Blitz May 9 Late 2023"]
[White "Gonzalez, Francisco Silva"]
[Black "Gorshtein, Ido"]
[WhiteFideId "1512285"]
[BlackFideId "2815532"]
[WhiteElo "2074"]
[BlackElo "2415"]
[Result "1/2-1/2"]
[Round "06"]
[TimeControl "180+2"]
[Date "2023.05.09"]
[WhiteClock "0:00:15"]
[BlackClock "0:00:06"]

1. d4 Nf6 2. c4 e6 3. Nc3 Bb4 4. a3 Bxc3+ 5. bxc3 O-O 6. e3 d6 7. Bd3 c5 8. e4 Nc6 9. Ne2 e5 10. d5 Ne7 11. f3 Ng6 12. h4 Nh5 13. g4 Nhf4 14. h5 Nxe2 15. hxg6 Nf4 16. Bxf4 exf4 17. gxh7+ Kh8 18. Qd2 Qf6 19. Rb1 b6 20. Kf2 Bd7 21. Rbg1 g5 22. Rh5 Qe5 23. Rgh1 f6 24. Rh6 Rf7 25. Qe1 Re8 26. R1h5 Ree7 27. Rg6 Rg7 28. Rxg7 Rxg7 29. Ke2 Be8 30. Rh6 Rxh7 31. Qh1 Rxh6 32. Qxh6+ Kg8 33. Kd2 a6 34. a4 Qe7 35. Bc2 Qg7 36. Qh2 Kf8 37. Qh1 Ke7 38. e5 fxe5 39. Qb1 Qh6 40. Qxb6 Qh2+ 41. Kc1 Qh1+ 42. Kb2 Qxf3 43. Qc7+ Kf8 44. Qxd6+ Kg8 45. Qd8 Kf7 46. Qxg5 Qe2 47. Qf5+ Kg7 48. g5 Bxa4 49. Qf6+ Kg8 50. Qd8+ Kg7 51. Qc7+ Kg8 52. Qb8+ Kg7 53. Qa7+ Kg8 54. Qh7+ Kf8 55. Qh8+ Ke7 56. Qg7+ Kd8 57. Qf6+ Kd7 58. Qe6+ Kd8 59. Qd6+ Ke8 60. Qb8+ Ke7 61. d6+ Ke6 62. Qc8+ Kxd6 63. Qxa6+ Bc6 64. Qb6 f3 65. Qb8+ Kd7 66. g6 f2 67. g7 f1=Q 68. g8=Q Qxc2+ 69. Kxc2 Be4+ 70. Kd2 Qf2+ 71. Kd1 Bf3+ 72. Kc1 Qe1+ 73. Kb2 Qd2+ 74. Ka3 Qxc3+ 75. Qb3 Qa1+ 76. Qa2 Qc3+ 77. Qb3 Qa1+ 78. Qa2 Qc3+ 79. Qb3 1/2-1/2


[Site "https://www.chess.com"]

[Event "Titled Tuesday Blitz May 9 Late 2023"]
[White "Goltsev, Dmitry"]
[Black "Haszon, David"]
[WhiteFideId "24176710"]
[BlackFideId "733610"]
[WhiteElo "2356"]
[BlackElo "2210"]
[Result "0-1"]
[Round "06"]
[TimeControl "180+2"]
[Date "2023.05.09"]
[WhiteClock "0:00:37"]
[BlackClock "0:00:10"]

1. e4 c5 2. Nf3 e6 3. d4 cxd4 4. Nxd4 Nf6 5. Nc3 Nc6 6. Be2 Bb4 7. Qd3 O-O 8. O-O d5 9. exd5 Nxd5 10. Nxd5 Qxd5 11. Nxc6 Qxc6 12. Bf3 Qb6 13. c3 Be7 14. Be3 Bc5 15. Bxc5 Qxc5 16. Rfd1 Rb8 17. Qd6 Qxd6 18. Rxd6 b5 19. Rad1 a5 20. g3 g5 21. Bc6 Kg7 22. b4 axb4 23. cxb4 Kf6 24. Kg2 Rb6 25. f4 Rxc6 26. fxg5+ Kxg5 27. Rxc6 Bb7 28. Rd5+ Kf6 29. Rdc5 Rc8 30. Kh3 Bxc6 31. a3 Bd7 32. Rh5 e5+ 33. Kg2 Rc2+ 34. Kg1 Rc3 35. Rxh7 Rxa3 36. Rh6+ Kf5 37. Rd6 Be6 38. Rb6 Bc4 39. Kf2 Rb3 40. h4 Rxb4 41. h5 Ke4 42. h6 Rb2+ 43. Kg1 Ra2 44. Rb8 Ra1+ 45. Kh2 Ra6 46. Rh8 Kf5 47. Kg2 Rg6 48. Kf2 Be6 49. Kf3 Kf6 50. Kf2 b4 51. h7 Rh6 52. Rb8 Rxh7 53. Rxb4 Rh2+ 54. Kf3 Ra2 55. Rb6 Ra3+ 56. Ke4 Ra4+ 57. Kf3 Kf5 58. Rb5 Ra3+ 59. Kf2 f6 60. Kg2 Bc4 61. Rc5 Bd3 62. Kh3 Bf1+ 63. Kh2 Ra2+ 64. Kg1 Be2 65. Rc3 Bg4 66. Kh1 e4 67. Rc5+ Kg6 68. Kg1 f5 69. Re5 Kg5 70. Re8 Ra3 71. Kf2 Rf3+ 72. Kg2 Rd3 73. Kf2 Kf6 74. Rf8+ Ke5 75. Re8+ Kd4 76. Rd8+ Kc3 77. Ra8 Rf3+ 78. Kg2 Rd3 79. Ra3+ Kd2 80. Ra2+ Ke3 81. Ra1 Rd2+ 82. Kh1 Kf3 83. Rg1 e3 84. Rg2 Rd1+ 85. Kh2 Ke4 86. Ra2 e2 87. Ra4+ Ke3 88. Ra3+ Rd3 89. Ra1 Kf2 90. Rd1 Re3 91. Rg1 Kf3 92. Re1 Ke4 93. Kg2 Bf3+ 94. Kf2 Kd3 95. Ra1 e1=Q+ 96. Rxe1 Rxe1 97. Kxe1 Bg4 98. Kf2 Ke4 99. Kg2 Ke3 100. Kg1 Kf3 101. Kh2 Kf2 102. Kh1 Kxg3 103. Kg1 f4 104. Kh1 f3 105. Kg1 f2+ 106. Kh1 Bf3# 0-1


[Site "https://www.chess.com"]